 Dungeon Crawl Stone Soup version 0.25-a0-668-gea548f19b6 (webtiles) character file.

Game seed: 3670606535175903195, levelgen mode: deterministic

6 Alarkh the Skirmisher (level 1, 0/18 HPs)
             Began as a Demonspawn Fighter on Mar 28, 2020.
             Was an Initiate of Okawaru.
             Slain by a kobold
             ... wielding a +0 whip
              (2 damage)
             ... on level 1 of the Dungeon.
             The game lasted 00:00:29 (164 turns).

Alarkh the Skirmisher (Demonspawn Fighter)           Turns: 164, Time: 00:00:30

Health: 0/18       AC:  6    Str: 16    XL:     1   Next: 75%
Magic:  1/1        EV:  6    Int:  9    God:    Okawaru [......]
Gold:   0          SH:  8    Dex: 12    Spells: 0/0 levels left

rFire    . . .     SeeInvis .   a - +0 long sword
rCold    . . .     Gourm    .   c - +0 kite shield
rNeg     . . .     Faith    .   b - +0 scale mail
rPois    .         Spirit   .   (no helmet)
rElec    .         Reflect  .   (no cloak)
rCorr    .         Harm     .   (no gloves)
MR       .....                  (no boots)
Stlth    ..........             (no amulet)
HPRegen  0.06/turn              (no ring)
MPRegen  0.07/turn              (no ring)

@: no status effects
A: no striking features
a: Renounce Religion


You were on level 1 of the Dungeon.
You worshipped Okawaru.
Okawaru was noncommittal.
You were not hungry.

You visited 1 branch of the dungeon, and saw 1 of its levels.

Inventory:

Hand Weapons
 a - a +0 long sword (weapon)
Armour
 b - a +0 scale mail (worn)
 c - a +0 kite shield (worn)
Scrolls
 e - a scroll of amnesia {unknown}
Potions
 d - a potion of might
Comestibles
 f - a ration


   Skills:
 - Level 3.0 Fighting
 + Level 2.3 Long Blades
 - Level 2.6 Armour
 - Level 2.6 Shields


You couldn't memorise any spells.
You didn't know any spells.
Your spell library was empty.

Dungeon Overview and Level Annotations

Branches:
Dungeon (1/15)

Altars:
Okawaru


Message History

You closely miss the kobold. The kobold barely misses you.
You riposte.
You closely miss the kobold. You closely miss the kobold.
The kobold hits you but does no damage.
You hit the kobold.
The kobold is heavily wounded.
The kobold hits you with a +0 whip.
* * * LOW HITPOINT WARNING * * *
The kobold hits you with a +0 whip.
* * * LOW HITPOINT WARNING * * *
Your shield and scale mail prevent you from hitting the kobold.
The kobold is heavily wounded.
The kobold completely misses you.
You closely miss the kobold.
The kobold is heavily wounded.
The kobold hits you but does no damage.
Okay, then.
Your shield and scale mail prevent you from hitting the kobold.
The kobold is heavily wounded.
You block the kobold's attack. The kobold hits you with a +0 whip.
You die...

....##.g_..##.........##...
.....#.).).#..........##...
#........)............###..
###...###............# #..
##...#.......####### #..
##.....##...# ########.
#..#####...# .........
######.######...# .........
#.........@##...# .........
#.........K##...# ########.
#...........##### #.
#...........# ♣♣♣♣♣♣♣♣♣♣ ##
#...........+ ........<♣
#..........##♣ ♣♣♣♣♣...♣
.'....?.....# ♣.♣P♣P....♣
.#..........# ♣.♣P....♣.♣
♣P...⌠.♣♣.♣###


You could see a kobold.

Vanquished Creatures
  3 hobgoblins (D:1)
  3 frilled lizards (D:1)
6 creatures vanquished.

Notes
Turn   | Place    | Note
-------+----------+-------------------------------------------
     0 | D:1      | Alarkh the Demonspawn Fighter began the quest for the Orb.
     0 | D:1      | Reached XP level 1. HP: 18/18 MP: 1/1
    54 | D:1      | Found an iron altar of Okawaru.
    67 | D:1      | Became a worshipper of Warmaster Okawaru
   164 | D:1      | Slain by a kobold

Levels and vault maps discovered:
D:1:      psy_arrival_fountain, layout_basic, okawaru_ov_weapons_minmay

Skill      XL: |  1 |
---------------+----+-----
Long Blades    | 2 |  2.3
Fighting       | |  3.0
Armour         | |  2.6
Shields        | |  2.6

Action                   || total
-------------------------++-------
Melee: Long sword        ||    37
Armor: Scale mail        ||    15
Dodge: Dodged            ||     9
Block: Kite shield       ||    14
       Rpst.: Long sword ||     3

Table legend:
 A = Non-vault XP
 B = Vault XP
 C = Vault XP percentage of total XP
 D = Non-vault monster count
 E = Vault monster count
 F = Vault count percentage of total count
                 A         B        C        D         E       F
            +---------+---------+-------+---------+---------+-------
      Total |       9 |       0 |   0.0 |       6 |       0 |   0.0
            +---------+---------+-------+---------+---------+-------
        D:1 |       9 |       0 |   0.0 |       6 |       0 |   0.0
            +---------+---------+-------+---------+---------+-------
